 Dungeon Crawl Stone Soup version 0.27-a0-46-g34d46f0a3f (webtiles) character file.

Game seed: 13398248072596834249

1 wythoutpain the Grasshopper (level 1, 18/18 HPs)
             Began as a Palentonga Warper on Jan 7, 2021.
             Quit the game on level 1 of the Dungeon.
             The game lasted 00:02:40 (18 turns).

wythoutpain the Grasshopper (Palentonga Warper)       Turns: 18, Time: 00:02:41

Health: 18/18      AC:  4    Str: 14    XL:     1   Next: 16%
Magic:  3/3        EV:  9    Int: 13    God:
Gold:   0          SH:  0    Dex:  9    Spells: 4/4 levels left

rFire    . . .     SeeInvis +   a - +0 falchion
rCold    . . .     Faith    .   (no shield)
rNeg     . . .     Spirit   .   b - +0 leather armour
rPois    .         Reflect  .   (no helmet)
rElec    .         Harm     .   (no cloak)
rCorr    .         Rampage  .   (no gloves)
Will     .....                  (no barding)
Stlth    +.........             (no amulet)
HPRegen  0.06/turn              (no ring)
MPRegen  0.08/turn              (no ring)

@: no status effects
A: large, rugged brown scales 3, see invisible, deformed body, roll 1, armoured
tail
a: Rolling Charge


You were on level 1 of the Dungeon.
You visited 1 branch of the dungeon, and saw 1 of its levels.

Inventory:

Hand Weapons
 a - a +0 falchion (weapon)
Missiles
 e - 5 boomerangs of dispersal
Armour
 b - a +0 leather armour (worn)
Scrolls
 d - a scroll of blinking


   Skills:
 + Level 2.0 Fighting
 + Level 2.0 Long Blades
 + Level 0.6 Throwing
 + Level 0.7 Armour
 + Level 1.5 Dodging
 + Level 2.1 Spellcasting
 + Level 3.0 Translocations


You had 4 spell levels left.
You didn't know any spells.
Your spell library contained the following spells:

 Spells                   Type           Power        Failure   Level
 Blink                    Tloc           N/A          14%         2
 Gell's Gravitas          Tloc           4%           28%         3
 Lesser Beckoning         Tloc           4%           28%         3
 Teleport Other           Tloc           9%           28%         3
 Passage of Golubria      Tloc           N/A          67%         4


Dungeon Overview and Level Annotations

Branches:
Dungeon (1/15)

Altars:


Innate Abilities, Weirdness & Mutations

You are completely covered in rugged brown scales. (AC +3, +7% HP)
You have supernaturally acute eyesight. (SInv)
Armour fits poorly on your strangely shaped body.
You can roll at nearby foes to attack.
You have a long armoured tail.


Message History

Welcome, wythoutpain the Palentonga Warper.
It is said that the Orb of Zot exists deep within this dungeon.
Press ? for a list of commands and other information.
Found a staircase leading out of the dungeon.
Okay, then.
A bat comes into view.
The bat moves out of view.
The bat hits you.
You closely miss the bat. The bat hits you but does no damage.
You closely miss the bat. The bat misses you.
The bat hits you but does no damage.
You hit the bat.
You kill the bat!
A kobold comes into view. It is wielding a +0 short sword.
The kobold shouts!
There's nothing you can charge at!
Are you sure you want to abandon this character and quit the game? (Confirm with "yes".)

....................
..................#
..................#
.................# .
..#####.###.########..
#.###.#....# ##.....
#.#.#####.###.....K.
##.## #............
##.#.###.#.##@.......
#.#.#.#.##.##........
#.#.<.#.# #.##........
#.#.#.#.#.##.##........
#.###.#.###.#....#......
.# ##.## #...###...... .
..# ...... .# ......


You could see a kobold.

Vanquished Creatures
  A bat (D:1)
1 creature vanquished.

Notes
Turn   | Place    | Note
-------+----------+-------------------------------------------
     0 | D:1      | wythoutpain the Palentonga Warper began the quest for the
                  | Orb.
     0 | D:1      | Reached XP level 1. HP: 18/18 MP: 3/3
    18 | D:1      | Quit the game

Illustrated notes

Levels and vault maps discovered:
D:1:      minmay_arrival_diagonal_passages, layout_rooms,
          chequers_decorated_corner, minmay_lizard_pond

Action                   || total
-------------------------++-------
Melee: Falchion          ||     3
Armor: Leather armour    ||     2
Dodge: Dodged            ||     1

Table legend: (Time is in decaauts)
 A = Elapsed time spent in this place.
 B = Non-inter-level travel time spent in this place.
 C = Inter-level travel time spent in this place.
 D = Time resting spent in this place.
 E = Time spent auto-exploring this place.
 F = Levels seen in this place.
 G = Mean time per level.
                   A        B        C        D        E       F      G
               +--------+--------+--------+--------+--------+-----+--------+
         Total |     18 |     18 |      0 |      0 |     12 |   1 |   18.0 |
       Dungeon |     18 |     18 |      0 |      0 |     12 |   1 |   18.0 |
               +--------+--------+--------+--------+--------+-----+--------+

Top non-repeatable levels by time:
     D:1: 18 daAuts
